[Event "Team 45 45 League T28"]
[Site "Internet Chess Club"]
[Date "2005.10.14"]
[Round "5"]
[White "chicopee-ed"]
[Black "kutch"]
[Result "1-0"]
[WhiteElo "1553"]
[BlackElo "1461"]
[TimeControl "2700+45"]

1. d4 Nf6 2. Nf3 g6 3. Nc3 Bg7 4. e4 d6 5. Be3 O-O 6. h3 c5 7. Bc4 cxd4 8. Bxd4
Nc6 9. Be3 e5 10. Qd2 Be6 11. Bxe6 fxe6 12. Bh6 Qa5 13. Bxg7 Kxg7 14. Ng5 Nd4
15. Ne2 Qxd2+ 16. Kxd2 Nxe2 17. Nxe6+ Kf7 18. Nxf8 Rxf8 19. Kxe2 Nxe4 20. Ke3 d5
21. Rad1 Rd8 22. c4 Nf6 23. cxd5 Nxd5+ 24. Ke4 Ke6 25. Rhf1 g5 26. g3 h6 27. f4
exf4 28. gxf4 gxf4 29. Kf3 Kf5 30. Rfe1 Rd7 31. Rd4 Nf6 32. Rxf4+ Kg6 33. Rg1+
Kf7 34. Rh4 h5 35. Rb4 b6 36. Rb3 Re7 37. Kg2 Re2+ 38. Kh1 Re7 39. Rf1 Re6 40.
Rc3 Re7 41. Rc6 Re6 42. Rxe6 Kxe6 43. Rc1 Nd5 44. Rc6+ Ke5 45. Rh6 Nf4 46. Rh7
a5 47. Rb7 Nd5 48. a3 Kd4 49. Kh2 Kc4 50. Rd7 Kc5 51. Kg3 Kc4 52. b3+ Kxb3 53.
Rxd5 Kxa3 54. Rxh5 Kb4 55. Rf5 a4 56. h4 a3 57. h5 a2 58. Rf1 Kc3 59. h6 Kd2 60.
Rf2+ {Black resigns} 1-0

[Event "Team 45 45 League T28"]
[Site "Internet Chess Club"]
[Date "2005.10.17"]
[Round "5"]
[White "isolani"]
[Black "Pawndemonium"]
[Result "0-1"]
[WhiteElo "1403"]
[BlackElo "1598"]
[TimeControl "2700+45"]

1. d4 e6 2. Nf3 f5 3. Bf4 d5 4. e3 Nf6 5. h3 Bd6 6. Ne5 O-O 7. Nd2 Nbd7 8. Be2
b6 9. O-O Bb7 10. Ndf3 Ne4 11. c4 c5 12. Nxd7 Qxd7 13. Ne5 Bxe5 14. Bxe5 Qe7 15.
Rc1 Qh4 16. Qe1 cxd4 17. exd4 f4 18. Bf3 Ng5 19. Bg4 h5 20. Bxe6+ Nxe6 21. Bd6
Rfe8 22. Qe5 dxc4 23. Rxc4 f3 24. Qg3 Qxg3 25. fxg3 fxg2 26. Rf5 Nf4 {White
resigns} 0-1

[Event "Team 45 45 League T28"]
[Site "Internet Chess Club"]
[Date "2005.10.13"]
[Round "5"]
[White "Gregorio"]
[Black "Nelsi"]
[Result "0-1"]
[WhiteElo "2116"]
[BlackElo "2062"]
[TimeControl "2700+45"]

1. e4 e5 2. Nf3 Nc6 3. Bc4 Nf6 4. d3 d6 5. h3 h6 6. Be3 a6 7. a4 Ne7 8. b4 g5 9.
c3 c6 10. Nbd2 d5 11. Ba2 Ng6 12. b5 axb5 13. axb5 Bg7 14. exd5 cxd5 15. Bc5 Qc7
16. Bb4 Nf4 17. O-O Nxd3 18. b6 Qxb6 19. Qe2 Nxb4 20. Nxe5 Be6 21. cxb4 O-O
{White resigns} 0-1

[Event "Team 45 45 League T28"]
[Site "Internet Chess Club"]
[Date "2005.10.16"]
[Round "5"]
[White "syy89"]
[Black "A-Ru"]
[Result "1/2-1/2"]
[WhiteElo "2093"]
[BlackElo "1840"]
[TimeControl "2700+45"]

1. e4 e6 2. d4 d5 3. e5 c5 4. c3 Nc6 5. Nf3 Qb6 6. a3 cxd4 7. cxd4 f6 8. Nc3
fxe5 9. dxe5 a6 10. Bd3 g6 11. Qe2 Bg7 12. h4 Nge7 13. h5 Bd7 14. hxg6 hxg6 15.
Rxh8+ Bxh8 16. b4 Nd4 17. Qe3 Nxf3+ 18. Qxf3 Bxe5 19. Bd2 Qd4 20. Rc1 Rc8 21.
Bh6 Nf5 22. Bxf5 exf5 23. Qxd5 Qxd5 24. Nxd5 Rxc1+ 25. Bxc1 Bc6 26. Nf4 Kf7 27.
Ke2 Kf6 28. g3 Bb5+ 29. Ke3 Bc4 30. Nd3 Bc7 31. Bb2+ Kg5 32. Ne5 Be6 33. Bd4 Bd6
34. f4+ Kh5 35. Bc5 Bc7 36. Bd4 a5 37. Nd3 Bc4 38. Ne5 Bb5 39. Bc5 b6 40. Bd4
Bd6 41. Bxb6 axb4 42. axb4 Bxb4 43. Kf2 Bc3 44. Be3 Ba6 45. Bc5 {Game drawn by
mutual agreement} 1/2-1/2

[Event "Team 45 45 League T28"]
[Site "Internet Chess Club"]
[Date "2005.10.16"]
[Round "5"]
[White "nightly"]
[Black "alexcolins"]
[Result "1/2-1/2"]
[WhiteElo "1809"]
[BlackElo "1880"]
[TimeControl "2700+45"]

1. d4 Nf6 2. Bg5 e6 3. e4 h6 4. Bxf6 Qxf6 5. Nc3 Bb4 6. Nf3 O-O 7. Bd3 d6 8. O-O
Bxc3 9. bxc3 Nd7 10. Qe2 e5 11. Rab1 b6 12. Bb5 a6 13. Bc6 Ra7 14. Rfd1 Nb8 15.
Bd5 Bg4 16. h3 Bxf3 17. Qxf3 Qxf3 18. gxf3 c6 19. Bb3 b5 20. a3 Nd7 21. Rd2 Kh8
22. c4 f5 23. dxe5 Nxe5 24. Rxd6 Nxf3+ 25. Kg2 fxe4 26. cxb5 cxb5 27. Rbd1 Nh4+
28. Kg1 Rf3 29. Re6 Rxh3 30. Rxe4 Ra8 31. Be6 Re8 32. Bxh3 Rxe4 33. Rd3 Kg8 34.
Kh2 Re2 35. Kg3 Ng6 36. Rc3 Kf7 37. Bg4 Rd2 38. Rc6 Ne5 39. Rxa6 Nxg4 40. Kxg4
Rxc2 41. f4 Rc4 42. Ra7+ Kg6 43. Ra6+ Kh7 44. Ra7 Ra4 45. Rb7 Rxa3 46. Rxb5 Ra4
47. Rb7 Ra5 48. f5 h5+ 49. Kxh5 Rxf5+ 50. Kg4 Kg6 51. Rxg7+ Kxg7 52. Kxf5 {Game
drawn because neither player has mating material} 1/2-1/2

[Event "Team 45 45 League T28"]
[Site "Internet Chess Club"]
[Date "2005.10.13"]
[Round "5"]
[White "azbycx"]
[Black "jongalt97"]
[Result "1-0"]
[WhiteElo "1801"]
[BlackElo "1641"]
[TimeControl "2700+45"]

1. d4 Nf6 2. c4 e6 3. Nf3 Bb4+ 4. Nbd2 O-O 5. a3 Be7 6. e4 d5 7. cxd5 exd5 8. e5
Nfd7 9. Bd3 c5 10. Qc2 h6 11. dxc5 Nxc5 12. Bh7+ Kh8 13. O-O Nc6 14. b4 Ne6 15.
Nb3 Ng5 16. Nxg5 Bxg5 17. f4 Be7 18. Be3 f5 19. Bg6 Be6 20. b5 Na5 21. Nd4 Qd7
22. a4 Rac8 23. Qd3 Nc4 24. Rac1 Nxe3 25. Qxe3 Bc5 26. Rxc5 Rxc5 27. Nxe6 Qxe6
28. Qxc5 Rd8 29. Qc7 {Black resigns} 1-0  Hojman(71): mi firewall detecto un
hacker de montevideo que buscaba entrar

[Event "Team 45 45 League T28"]
[Site "Internet Chess Club"]
[Date "2005.10.16"]
[Round "5"]
[White "PaulKaspar"]
[Black "matman"]
[Result "1-0"]
[WhiteElo "1914"]
[BlackElo "1924"]
[TimeControl "2700+45"]

1. e4 e5 2. Nf3 Nc6 3. Bb5 a6 4. Ba4 Nf6 5. O-O Be7 6. Nc3 d6 7. d4 b5 8. Bb3
Bg4 9. dxe5 Nxe5 10. Bf4 Ng6 11. Bg3 O-O 12. Re1 Qd7 13. Nd5 Nxd5 14. exd5 Bf6
15. c3 Ne5 16. Bxe5 Bxe5 17. Nxe5 dxe5 18. f3 Bf5 19. Rxe5 Rfe8 20. Rxe8+ Rxe8
21. a4 Qd6 22. axb5 axb5 23. Kh1 Qc5 24. Qg1 {Black resigns} 1-0

[Event "Team 45 45 League T28"]
[Site "Internet Chess Club"]
[Date "2005.10.17"]
[Round "5"]
[White "Div-anand"]
[Black "chsrules88"]
[Result "1-0"]
[WhiteElo "1866"]
[BlackElo "1844"]
[TimeControl "2700+45"]

1. e4 e5 2. Nf3 Nc6 3. Bb5 a6 4. Ba4 Nf6 5. O-O Be7 6. Re1 b5 7. Bb3 O-O 8. c3
d5 9. exd5 e4 10. Ng5 Bg4 11. Qc2 Na5 12. Nxe4 Re8 13. d4 Nxe4 14. Qxe4 Bg5 15.
Qxe8+ Qxe8 16. Rxe8+ Rxe8 17. Bd2 Nxb3 18. axb3 Bxd2 19. Nxd2 Re2 20. f3 Bf5 21.
Rxa6 g6 22. Ne4 Rxb2 23. Ra7 Rxb3 24. Rxc7 b4 25. d6 Rb1+ 26. Kf2 b3 27. d7 Bxd7
28. Rxd7 f5 29. Nd2 Rc1 30. c4 b2 31. Rb7 Rc2 32. Ke3 f4+ 33. Kd3 Rc1 34. Rxb2
Rh1 35. h3 g5 36. Rc2 g4 37. hxg4 h5 38. gxh5 Rxh5 39. Ne4 Ra5 40. c5 Ra3+ 41.
Kc4 Ra4+ 42. Kd5 Ra5 43. Ke5 Kf7 44. d5 Ke7 45. Kxf4 Kd7 46. g4 Ra8 47. g5 Kc7
48. Nf6 Kb7 49. Kf5 Kc7 50. g6 Kd8 51. g7 Ke7 52. g8=Q Rxg8 53. Nxg8+ Kf8 54.
Rb2 Kf7 55. Rb7+ Ke8 56. Nh6 Kd8 57. Ke6 Kc8 58. Rh7 Kd8 59. Rg7 Kc8 60. Kd6 Kb8
61. Kc6 Ka8 62. Kb6 Kb8 {Black resigns} 1-0  mgcortes(71): el que tampoco esta
es el bestgm

[Event "Team 45 45 League T28"]
[Site "Internet Chess Club"]
[Date "2005.10.17"]
[Round "5"]
[White "Lug"]
[Black "chsrules88"]
[Result "1/2-1/2"]
[WhiteElo "1989"]
[BlackElo "1860"]
[TimeControl "2700+45"]

1. e4 e5 2. Nf3 Nc6 3. Bb5 a6 4. Bxc6 dxc6 5. O-O Bg4 6. h3 Bxf3 7. Qxf3 Qf6 8.
Qxf6 Nxf6 9. d3 h6 10. Be3 O-O-O 11. Nd2 Bd6 12. Nf3 Nd7 13. Rad1 g5 14. g3 Rhe8
15. Kg2 Bc5 16. Rfe1 f6 17. Nh2 h5 18. Nf1 Bd4 19. Bxd4 exd4 20. Nd2 Nc5 {Game
drawn by mutual agreement} 1/2-1/2

[Event "Team 45 45 League T28"]
[Site "Internet Chess Club"]
[Date "2005.10.18"]
[Round "5"]
[White "Zarek"]
[Black "ardsrfc"]
[Result "0-1"]
[WhiteElo "1822"]
[BlackElo "1803"]
[TimeControl "2700+45"]

1. e4 c5 2. Nc3 Nc6 3. f4 d6 4. Nf3 Nf6 5. Bc4 Nxe4 6. Bxf7+ Kxf7 7. Nxe4 Kg8 8.
d4 cxd4 9. Nxd4 g6 10. Be3 Bg7 11. O-O Qb6 12. Nf5 Qxb2 13. Ng5 Bxf5 14. Qd5+ e6
15. Nxe6 Ne7 16. Qxd6 Qf6 17. Rae1 Qxe6 18. Qc7 Qd7 19. Qc4+ Be6 20. Qe4 Qd5 21.
Qb4 Nf5 22. Bc1 Qd4+ 23. Qxd4 Bxd4+ 24. Kh1 Kf7 25. a3 Rhe8 {White resigns} 0-1

[Event "Team 45 45 League T28"]
[Site "Internet Chess Club"]
[Date "2005.10.17"]
[Round "5"]
[White "GolferBob"]
[Black "mickeys"]
[Result "1/2-1/2"]
[WhiteElo "1648"]
[BlackElo "1717"]
[TimeControl "2700+45"]

1. d4 f5 2. Nf3 g6 3. Bf4 Nf6 4. e3 d6 5. c3 Bg7 6. Bc4 e6 7. Nbd2 O-O 8. O-O d5
9. Bd3 Nbd7 10. Ne5 Nxe5 11. Bxe5 Ng4 12. Bxg7 Kxg7 13. Nf3 Qd6 14. h3 Nf6 15.
Ne5 Ne4 16. c4 Nf6 17. c5 Qe7 18. b4 Ne4 19. Rc1 c6 20. a4 Bd7 21. Qe2 Rab8 22.
a5 a6 23. g3 g5 24. Kg2 Be8 25. f4 Qf6 26. Rc2 Ra8 27. Rb2 Qh6 28. Bxe4 dxe4 29.
fxg5 Qxg5 30. Rf4 Bh5 31. Qf2 Rad8 32. Rh4 Kh8 33. Qf4 Qxf4 34. Rxf4 Rg8 35. Kh2
Rg7 36. Rg2 Rdg8 37. Rg1 Bg6 38. Kg2 Bh5 39. Kf2 Be8 40. Rg2 Bh5 41. Rg1 Be8 42.
Rg2 h6 43. Rh4 Kh7 44. Rg1 Rg5 45. Rg2 h5 46. Rg1 Kg7 47. Nc4 Bg6 48. Ne5 Kf6
49. Nd7+ Ke7 50. Ne5 Be8 51. Rg2 Kf6 52. Rf4 Ke7 53. h4 R5g7 54. Rg1 Bd7 55. Rg2
Be8 56. Rg1 {Game drawn by mutual agreement} 1/2-1/2

[Event "Team 45 45 League T28"]
[Site "Internet Chess Club"]
[Date "2005.10.16"]
[Round "5"]
[White "pokerram"]
[Black "nir8888"]
[Result "1/2-1/2"]
[WhiteElo "1650"]
[BlackElo "1649"]
[TimeControl "2700+45"]

1. d4 Nf6 2. c4 e6 3. Nf3 d6 4. Nc3 Be7 5. e4 O-O 6. Be2 Nc6 7. O-O Nd7 8. Be3
f5 9. exf5 exf5 10. Qd2 Nf6 11. Bd3 d5 12. cxd5 Nxd5 13. Bc4 Be6 14. Ng5 Bxg5
15. Bxg5 Qd7 16. Rfe1 Bf7 17. Rad1 Rfe8 18. Bf4 Nxf4 19. Bxf7+ Qxf7 20. Qxf4
Rxe1+ 21. Rxe1 Rd8 22. d5 Nb8 23. Re5 g6 24. Qg5 Re8 25. Qe3 Rxe5 26. Qxe5 Kf8
27. Qh8+ Qg8 28. Qf6+ Qf7 29. Qh8+ Qg8 30. Qxg8+ Kxg8 31. Nb5 c6 32. dxc6 Nxc6
33. f4 Kf7 34. Kf2 Ke6 35. Ke3 Kd5 36. b3 Kc5 37. Nc3 Kb4 38. Kd3 Na5 39. Kc2
Nc6 40. Kd3 b5 41. Nb1 a5 42. h3 a4 43. bxa4 bxa4 44. Nc3 Ka3 45. Kc4 Kb2 46.
Nxa4+ Kxa2 47. g4 fxg4 48. hxg4 h5 49. gxh5 gxh5 50. Nc3+ Kb2 51. Ne4 Kc2 52.
Kd5 Kd3 53. Ng5 Ke3 54. Nh3 Nd4 55. Ke5 Nf3+ 56. Kf5 h4 57. Kg4 Ke4 58. f5 Ke5
59. f6 Kxf6 60. Kxf3 Kf5 61. Nf4 Kg5 62. Nh3+ Kf5 63. Nf4 h3 64. Nxh3 {Game
drawn because neither player has mating material} 1/2-1/2

[Event "Team 45 45 League T28"]
[Site "Internet Chess Club"]
[Date "2005.10.16"]
[Round "5"]
[White "nightly"]
[Black "Zornorph"]
[Result "1-0"]
[WhiteElo "1805"]
[BlackElo "1943"]
[TimeControl "2700+45"]

1. d4 Nf6 2. Bg5 Ne4 3. Bf4 c5 4. f3 Qa5+ 5. c3 Nf6 6. Nd2 cxd4 7. Nb3 Qb6 8.
Qxd4 Qxd4 9. cxd4 Nc6 10. Rc1 a5 11. a4 d6 12. e4 Bd7 13. Ne2 g6 14. Nc3 Bg7 15.
Bb5 O-O 16. O-O Nb4 17. Bg5 Bxb5 18. Nxb5 b6 19. Rc7 Rfe8 20. Rfc1 Kf8 21. d5
Ng8 22. Rb7 Rab8 23. Rcc7 Na6 24. Rxb8 Rxb8 25. Ra7 Nb4 26. N3d4 Nd3 27. Nc6 Re8
28. b3 Nc5 29. Nc7 Rc8 30. Na8 Nxb3 31. Nxb6 f6 32. Nxc8 fxg5 33. Kf1 Bc3 34.
N6xe7 Nxe7 35. Rxe7 Nc5 36. Rxh7 Nxa4 37. Nxd6 Bg7 38. Nc4 Kg8 39. Rh3 Bc3 40.
f4 gxf4 41. Nxa5 Bxa5 42. Ra3 Nc3 43. Rxa5 Nxe4 44. Ke2 Ng5 45. h4 f3+ 46. gxf3
Nf7 47. Ra8+ Kg7 48. Ra7 Kf6 49. Rxf7+ Kxf7 50. Kd3 {Black resigns} 1-0

[Event "Team 45 45 League T28"]
[Site "Internet Chess Club"]
[Date "2005.10.17"]
[Round "5"]
[White "Knight77"]
[Black "Rlopez"]
[Result "0-1"]
[WhiteElo "1815"]
[BlackElo "1718"]
[TimeControl "2700+45"]

1. d4 Nf6 2. Nf3 e6 3. Bg5 h6 4. Bh4 Be7 5. e3 b6 6. c4 Bb7 7. Nc3 c5 8. Bd3 Nc6
9. d5 exd5 10. cxd5 Nb4 11. Bxf6 Nxd3+ 12. Qxd3 Bxf6 13. O-O d6 14. Ne4 Be7 15.
Ng3 O-O 16. e4 Qc8 17. Rfc1 Re8 18. b4 Bf6 19. Rab1 Ba6 20. b5 Bb7 21. Nf5 Qd8
22. Qe3 Bxd5 23. Qd2 Bxe4 24. Nxd6 Bxb1 25. Nxe8 Qxe8 26. Rxb1 Rd8 27. Qf4 Qd7
28. h3 Qd3 29. Qc1 Qd5 30. Qa3 Qd3 31. Qc1 c4 32. Ne1 Qd5 33. Nc2 c3 34. a4 Qc5
35. Qe3 Qxe3 36. Nxe3 Rd2 37. Rc1 Ra2 38. Nd5 Rxa4 39. Nxf6+ gxf6 40. Rxc3 Rb4
41. Ra3 Rxb5 42. Rxa7 Rb1+ 43. Kh2 b5 44. Kg3 b4 45. Rb7 Kg7 46. Rb6 Kg6 47. h4
h5 48. Kf4 Rb2 49. Ke3 b3 50. g3 Rb1 51. Kd3 Rb2 52. Ke3 Rb1 53. Kd3 Kf5 54.
Rb5+ Kg4 55. Ke3 b2 56. Rb4+ Kh3 57. Kf3 f5 58. Kf4 Kg2 59. f3 Kf2 60. Rb3 Ke2
61. Kxf5 Kd2 62. Kg5 Kc2 63. Rb6 Rf1 64. Kxh5 Rxf3 65. Kg4 Rb3 66. Rc6+ Kd2 67.
Rd6+ Ke2 68. Rf6 b1=Q 69. h5 Rb4+ 70. Kg5 Qc1+ 71. Rf4 Qc5+ 72. Kh4 Rxf4+ 73.
gxf4 Qf5 {White resigns} 0-1  parrot9(340): 10 is my deadline to start btw

[Event "Team 45 45 League T28"]
[Site "Internet Chess Club"]
[Date "2005.10.12"]
[Round "5"]
[White "chivo"]
[Black "tgralex"]
[Result "1-0"]
[WhiteElo "1640"]
[BlackElo "1803"]
[TimeControl "2700+45"]

1. e4 e5 2. Nf3 Nc6 3. Bc4 Bc5 4. Nc3 Nge7 5. d3 O-O 6. Bg5 d6 7. Na4 Bb4+ 8. c3
Ba5 9. b4 Bb6 10. Nxb6 axb6 11. h3 h6 12. Bh4 Kh8 13. g4 Be6 14. Bxe6 fxe6 15.
O-O Qd7 16. g5 Ng6 17. gxh6 gxh6 18. Bg3 d5 19. Nh4 Qg7 20. Qg4 Rf6 21. exd5
exd5 22. b5 Nce7 23. Rfe1 Rg8 24. Kh1 Qf8 25. Qe2 Nxh4 26. Bxh4 Re6 27. Rg1 Nf5
28. Rxg8+ Kxg8 29. Rg1+ Kh7 30. Bg3 Nxg3+ 31. fxg3 Qf5 32. Kg2 e4 33. d4 c5 34.
Rf1 Qg6 35. Qe3 Qe8 36. a4 cxd4 37. cxd4 Re7 38. Rf5 Qg8 39. g4 Rc7 40. Kg3 Qe6
41. Kh4 Qe7+ 42. Kh5 Qe8+ 43. Kh4 Qe7+ 44. g5 hxg5+ 45. Qxg5 Qxg5+ 46. Kxg5 Re7
47. Kf6 Re8 48. Kf7 Ra8 49. Rh5# {Black checkmated} 1-0

[Event "Team 45 45 League T28"]
[Site "Internet Chess Club"]
[Date "2005.10.17"]
[Round "5"]
[White "e4ia"]
[Black "David-Carioca"]
[Result "0-1"]
[WhiteElo "1536"]
[BlackElo "1526"]
[TimeControl "2700+45"]

1. d4 Nf6 2. Nf3 e6 3. e3 d5 4. Bd3 c5 5. b3 Nc6 6. a3 cxd4 7. exd4 Be7 8. O-O
Bd7 9. Nbd2 Qb6 10. Bb2 O-O 11. b4 Rfc8 12. Nb3 a6 13. Rb1 Qc7 14. Nc5 Be8 15.
Re1 Nd8 16. c3 Nd7 17. Qc2 h6 18. Nxd7 Bxd7 19. Ne5 b5 20. Nxd7 Qxd7 21. f4 Bf6
22. Qd2 Nb7 23. g4 g5 24. f5 Nd6 25. fxe6 fxe6 26. Qg2 Kg7 27. Re3 Nc4 28. Bxc4
bxc4 29. Rbe1 Rc6 30. Qe2 Re8 31. Qg2 a5 32. b5 Rb6 33. a4 Qf7 34. Rf3 Qc7 35.
Ref1 Rf8 36. Qf2 e5 37. Kh1 e4 38. Rf5 Re6 39. Bc1 Qe7 40. Be3 Qa3 41. Rxd5 Qxa4
42. Re5 Rxe5 43. dxe5 Be7 44. Qg1 Qxb5 45. Bd4 a4 46. Rb1 Qd5 47. Qg2 a3 48. Rb6
Bc5 49. Rb5 Rc8 50. Rxc5 Rxc5 51. Bxc5 Qxc5 52. Qxe4 Qf2 53. Qb7+ Qf7 54. Qb1 a2
55. Qf5 a1=Q+ 56. Kg2 Qb2+ 57. Kg1 Qc1+ 58. Kg2 {White resigns} 0-1

[Event "Team 45 45 League T28"]
[Site "Internet Chess Club"]
[Date "2005.10.22"]
[Round "5"]
[White "billarvola"]
[Black "Sergio56"]
[Result "1-0"]
[WhiteElo "2007"]
[BlackElo "1897"]
[TimeControl "2700+45"]

1. d4 Nf6 2. Nf3 g6 3. c4 Bg7 4. Nc3 d5 5. e3 O-O 6. Qb3 c6 7. Bd2 Qb6 8. Bd3
Na6 9. Na4 Qxb3 10. axb3 Bg4 11. Ne5 Nc7 12. Nxg4 Nxg4 13. f3 Nf6 14. Nc5 b6 15.
Na6 Nxa6 16. Rxa6 Nd7 17. cxd5 cxd5 18. Bb5 Nb8 19. Ra1 a6 20. Bd3 b5 21. Bxb5
Rc8 22. O-O Ra7 23. Bd3 Nd7 24. Rxa6 Rxa6 25. Bxa6 Rb8 26. b4 Rb6 27. Bd3 e5 28.
Bc3 exd4 29. exd4 Nb8 30. b5 Nd7 31. Ra1 Bf6 32. Ra7 Nf8 33. Ra6 Nd7 34. Rxb6
Nxb6 35. b3 Kf8 36. Kf2 Ke8 37. Ke3 Kd7 38. f4 h6 39. Be2 Bd8 40. Bf3 f6 41. Ba5
Ke6 42. g4 f5 43. h3 Kd6 44. Bb4+ Ke6 45. Bf8 {Black resigns} 1-0

[Event "Team 45 45 League T28"]
[Site "Internet Chess Club"]
[Date "2005.10.18"]
[Round "5"]
[White "alastorx"]
[Black "vvsi"]
[Result "1-0"]
[WhiteElo "1813"]
[BlackElo "1836"]
[TimeControl "2700+45"]

1. d4 Nf6 2. Nc3 c5 3. d5 e6 4. e4 d6 5. Nf3 g6 6. Bb5+ Bd7 7. Qe2 a6 8. Bxd7+
Nbxd7 9. dxe6 fxe6 10. e5 dxe5 11. Nxe5 Bg7 12. Bg5 O-O 13. O-O-O Qc7 14. Nxd7
Nxd7 15. Qxe6+ Kh8 16. Rxd7 Qa5 17. Qe7 {Black resigns} 1-0

[Event "Team 45 45 League T28"]
[Site "Internet Chess Club"]
[Date "2005.10.15"]
[Round "5"]
[White "kabindra"]
[Black "NFK"]
[Result "1-0"]
[WhiteElo "1810"]
[BlackElo "1718"]
[TimeControl "2700+45"]

1. e4 d6 2. d4 Nf6 3. Nc3 g6 4. h3 Bg7 5. Be3 c6 6. Qd2 b5 7. a3 Bb7 8. Bh6 O-O
9. Bxg7 Kxg7 10. Bd3 a5 11. Nf3 b4 12. axb4 axb4 13. Na4 c5 14. Qe3 Qc7 15. b3
Nbd7 16. O-O d5 17. e5 Ne4 18. Bxe4 dxe4 19. Nd2 Qc6 20. Nxc5 Nxc5 21. dxc5 Rad8
22. Nc4 Ba6 23. Na5 Qd5 24. Rfe1 Bb5 25. Qxe4 Qxe4 26. Rxe4 Rd2 27. Rxb4 {Black
resigns} 1-0

[Event "Team 45 45 League T28"]
[Site "Internet Chess Club"]
[Date "2005.10.14"]
[Round "5"]
[White "hattrick"]
[Black "akdog3"]
[Result "1-0"]
[WhiteElo "2091"]
[BlackElo "2159"]
[TimeControl "2700+45"]

1. e4 c5 2. Nf3 g6 3. d4 cxd4 4. Nxd4 Nc6 5. Nc3 Bg7 6. Be3 Nf6 7. Bc4 O-O 8.
Bb3 d6 9. f3 Bd7 10. Qd2 Qa5 11. O-O-O Rfc8 12. Kb1 Ne5 13. h4 Nc4 14. Bxc4 Rxc4
15. h5 Rxc3 16. Qxc3 Qxc3 17. bxc3 Nxh5 18. g4 Nf6 19. Bh6 Bh8 20. Bg5 Rc8 21.
Kb2 Rc5 22. Be3 a5 23. Nb3 Rc8 24. Bd4 a4 25. Nc1 a3+ 26. Kxa3 e5 27. Bb6 Rxc3+
28. Kb2 Rc6 29. Be3 Be6 30. Rh2 h5 31. g5 Nd7 32. Rhd2 Nb6 33. Bxb6 Rxb6+ 34.
Nb3 d5 35. exd5 Bd7 36. Kb1 e4 37. fxe4 Rb4 38. a3 Rc4 39. Rf1 Be5 40. d6 Rc6
41. Rd5 Bxd6 42. e5 {Black resigns} 1-0

[Event "Team 45 45 League T28"]
[Site "Internet Chess Club"]
[Date "2005.10.18"]
[Round "5"]
[White "Tigram"]
[Black "softbunney"]
[Result "0-1"]
[WhiteElo "2005"]
[BlackElo "2066"]
[TimeControl "2700+45"]

1. e4 c5 2. Nf3 Nc6 3. d4 cxd4 4. Nxd4 Nf6 5. Nc3 e5 6. Ndb5 d6 7. a4 a6 8. Na3
Be7 9. Bg5 Nxe4 10. Bxe7 Nxc3 11. Bxd8 Nxd1 12. Rxd1 Kxd8 13. Rxd6+ Ke7 14. Nc4
Be6 15. Rd2 Rad8 16. Be2 f6 17. c3 f5 18. h4 g6 19. Rh3 e4 20. Re3 Bd5 21. Nb6
Be6 22. f3 Ne5 23. fxe4 f4 24. Red3 Nxd3+ 25. Bxd3 Rd6 26. a5 Rhd8 27. Nd5+ Bxd5
28. exd5 Rxd5 29. Re2+ Kf6 30. Be4 Rxa5 31. Bxb7 Rb8 32. Bf3 Re5 33. b4 Rxe2+
34. Kxe2 Ke5 35. Kd3 h6 36. c4 g5 37. hxg5 hxg5 38. Kc3 Kf5 39. Bc6 g4 40. b5
axb5 41. cxb5 Ke6 42. Kd4 Rf8 43. Kc5 f3 44. gxf3 gxf3 45. b6 f2 46. Bg2 Kd7 47.
Kb5 Kc8 48. Ka6 Kb8 49. Bf1 Rd8 50. Kb5 Rd1 {White resigns} 0-1

[Event "Team 45 45 League T28"]
[Site "Internet Chess Club"]
[Date "2005.10.17"]
[Round "5"]
[White "DeLaSalle"]
[Black "andy4226uk"]
[Result "1/2-1/2"]
[WhiteElo "1938"]
[BlackElo "1802"]
[TimeControl "2700+45"]

1. d4 Nf6 2. Nf3 d5 3. e3 c5 4. Bd3 Nc6 5. b3 g6 6. Bb2 Bg7 7. O-O cxd4 8. exd4
Qc7 9. a3 O-O 10. Ne5 Nxe5 11. dxe5 Ng4 12. c4 Bxe5 13. Nc3 Bxh2+ 14. Kh1 Bg1
15. f4 Nf2+ 16. Rxf2 Bxf2 17. Nxd5 Qd8 18. Qe2 Bh4 19. g3 e6 20. Qe5 f6 21. Qc7
Qxc7 22. Nxc7 Bxg3 23. Nxa8 Bxf4 24. Rf1 g5 25. Be4 f5 26. Bg2 h5 27. c5 h4 28.
c6 bxc6 29. Bxc6 Ba6 30. Rd1 g4 31. Rd7 g3 32. Rg7+ Kh8 33. Rxa7+ e5 34. Rxa6 h3
35. Ra4 Kh7 36. Bxe5 g2+ 37. Bxg2 hxg2+ 38. Kxg2 Bxe5 39. Nb6 Rg8+ 40. Kf1 Rg3
41. Nc4 Bg7 42. b4 Rc3 43. Nd6 f4 44. Ra7 Kg6 45. b5 Bf8 46. Ne4 Rxa3 47. Rxa3
Bxa3 48. b6 Bb2 49. Nc5 Be5 50. b7 Bb8 51. Nd7 Bc7 {Game drawn by mutual
agreement} 1/2-1/2

[Event "Team 45 45 League T28"]
[Site "Internet Chess Club"]
[Date "2005.10.19"]
[Round "5"]
[White "ardsrfc"]
[Black "tgralex"]
[Result "1-0"]
[WhiteElo "1819"]
[BlackElo "1787"]
[TimeControl "2700+45"]

1. e4 e5 2. Nf3 Nc6 3. d4 exd4 4. Nxd4 Nxd4 5. Qxd4 d6 6. Bc4 h6 7. Nc3 Nf6 8.
Be3 Be7 9. O-O O-O 10. f3 Be6 11. Be2 a6 12. Rad1 Nd7 13. Qd2 f5 14. exf5 Bxf5
15. Nd5 Bh4 16. g3 Bf6 17. Nxf6+ Qxf6 18. Bc4+ Kh8 19. Bd4 Qg6 20. Bd3 Rae8 21.
Bxf5 Rxf5 22. Rde1 Ne5 23. Bxe5 Rexe5 24. f4 Rb5 25. c4 Rbc5 26. Qd4 Qf7 27. b3
b5 28. cxb5 axb5 29. Re2 Rfd5 30. Qe4 Qf5 31. Qxf5 Rxf5 32. Rfe1 Rf7 33. Kf2 Rc3
34. Re3 Rc2+ 35. R1e2 Rc1 36. b4 Rd7 37. Kf3 Kg8 38. Re7 Rc3+ 39. R7e3 Rxe3+ 40.
Rxe3 Kf7 41. g4 c5 42. bxc5 dxc5 43. a3 c4 44. Rc3 Rd2 45. h4 Rb2 46. Ke4 Rd2
47. h5 Kf6 48. a4 bxa4 49. Rxc4 a3 50. Rc6+ Ke7 51. Rc7+ Rd7 52. Rc2 Ra7 53. Ra2
Ke6 54. Kf3 Ra4 55. Kg3 Kd5 56. Kf3 Kc4 57. g5 hxg5 58. fxg5 Kb3 59. Ra1 Rh4 60.
h6 gxh6 61. g6 Rh5 62. Rg1 a2 63. g7 Rg5 64. Rxg5 hxg5 65. g8=Q+ Kb2 66. Qg7+
Kb1 67. Qg6+ Kb2 68. Qf6+ Kb3 69. Qa1 {Black resigns} 1-0

[Event "Team 45 45 League T28"]
[Site "Internet Chess Club"]
[Date "2005.10.16"]
[Round "5"]
[White "Lyko"]
[Black "az2112"]
[Result "0-1"]
[WhiteElo "1420"]
[BlackElo "1654"]
[TimeControl "2700+45"]

1. e4 d6 2. d4 Nf6 3. Nc3 g6 4. h3 Bg7 5. Nf3 O-O 6. Bc4 c6 7. Bb3 b5 8. O-O a5
9. e5 Ne8 10. a3 Nc7 11. Bf4 Be6 12. Bxe6 Nxe6 13. Bh2 Na6 14. Re1 b4 15. d5
Nec5 16. axb4 axb4 17. Ne4 Nxe4 18. Rxe4 c5 19. Qe2 Nc7 20. Rxa8 Nxa8 21. c3
bxc3 22. bxc3 Nb6 23. c4 Nc8 24. exd6 exd6 25. Qe3 Qf6 26. Bf4 Qa1+ 27. Kh2 Qc3
28. Re8 Qxe3 29. Rxf8+ Kxf8 30. Bxe3 Nb6 31. Nd2 Bc3 32. Ne4 Be5+ 33. f4 Nxc4
34. fxe5 Nxe3 35. exd6 c4 36. Kg3 Nxd5 37. Kf3 c3 38. Ke2 Nf4+ 39. Kf3 c2 {White
resigns} 0-1

[Event "Team 45 45 League T28"]
[Site "Internet Chess Club"]
[Date "2005.10.15"]
[Round "5"]
[White "pokerram"]
[Black "bonecore"]
[Result "1-0"]
[WhiteElo "1650"]
[BlackElo "1589"]
[TimeControl "2700+45"]

1. d4 d5 2. c4 e6 3. Nf3 Nf6 4. Nc3 Bb4 5. Qc2 dxc4 6. e4 b5 7. Bg5 Be7 8. Nxb5
a6 9. Nc3 Nc6 10. Qa4 Bb7 11. Qxc4 O-O 12. Rd1 Nb4 13. Qe2 h6 14. Bxf6 Bxf6 15.
e5 Be7 16. a3 Bxf3 17. gxf3 Nd5 18. Nxd5 Qxd5 19. Bg2 c5 20. O-O Rab8 21. dxc5
Qxc5 22. Rc1 Qd4 23. b4 a5 24. Rfd1 Qb6 25. Qe4 axb4 26. axb4 Qxb4 27. Rc4 Qb3
28. Rdc1 Rfd8 29. f4 Rd1+ 30. Bf1 Rxc1 31. Rxc1 Rb4 32. Rc8+ Bf8 33. Qa8 Rxf4
34. Rxf8+ Kh7 35. Rh8+ Kg6 36. Qg2+ Kf5 37. h3 Qb2 38. Bd3+ Kxe5 39. Qxg7+ f6
40. Qc7+ {Black resigns} 1-0

[Event "Team 45 45 League T28"]
[Site "Internet Chess Club"]
[Date "2005.10.16"]
[Round "5"]
[White "UneasyKing"]
[Black "AVEMARIA"]
[Result "0-1"]
[WhiteElo "1461"]
[BlackElo "1589"]
[TimeControl "2700+45"]

1. e4 c5 2. d4 cxd4 3. c3 d3 4. Bxd3 g6 5. Nf3 Bg7 6. Be3 Nf6 7. Nbd2 d6 8. Qb3
O-O 9. O-O Qc7 10. Rac1 Nc6 11. c4 b6 12. Qb5 Bd7 13. Qg5 Rad8 14. a3 Bg4 15. b3
Ne5 16. Nxe5 dxe5 17. Bc2 Be2 18. Rfe1 Bd3 19. Nf3 Bxc2 20. Rxc2 Nxe4 21. Qh4 f5
22. Ng5 Nxg5 23. Bxg5 Bf6 24. Bxf6 exf6 25. g3 Rd4 26. Qh6 Rfd8 27. Qc1 Qb7 28.
Qa1 Rd3 29. Rb2 Qf3 30. Rbb1 Rxb3 31. Rbd1 Rbd3 32. Rxd3 Qxd3 33. Qc1 Rd4 34. c5
Rc4 35. Qb2 Rxc5 36. Qb4 Qc3 37. Qa4 Qxe1+ 38. Kg2 Qe4+ 39. Kh3 Qxa4 {White
resigns} 0-1